[ AOE2 MATCH · #506202413 ]
UnrankedLithuanians vs Hindustanis
[ REPLAY ANALYSIS · EXTRACTED FROM THE RECORDED GAME ]
Feudal
9:47
Castle
23:38
Imperial
42:51
| APM avg | 36.1 |
| APM peak | 85 |
| eAPM avg | 22.4 |
| Villagers / military | 155 / 118 |
Focus
⚔️ 36.2% · 🌾 63.8%
Knight ×63 · Spearman ×39 · Battering Ram ×10 · Scout Cavalry ×5 · Monk ×1
Feudal
10:15
Castle
25:13
Imperial
—
| APM avg | 72.5 |
| APM peak | 123 |
| eAPM avg | 43.0 |
| Villagers / military | 166 / 129 |
Focus
⚔️ 39.5% · 🌾 60.5%
Ghulam ×67 · Camel Scout ×31 · Militia ×14 · Armored Elephant ×9 · Spearman ×6 · Monk ×1
Match map
Initial resources + every placement click. Lines = walls · curves = elevation contours. ◆ gold · ⬟ stone · ● berries · ✦ relic · ◌ wall gap
Your base· Open — 6t gap
Im_16Years_Old_IamCaPte's base· Open — unwalled flank
Smoothed initial terrain · ◌ = detected wall gap · hover for details
Inputs per minute
— Bart - - Im_16Years_Old_IamCaPte
Build order — Bart
First 150 of 438 actions detected
| 0:00 | Queue | Villager (Male) |
| 0:01 | Queue | Villager (Male) |
| 0:01 | Queue | Villager (Male) |
| 0:01 | Queue | Villager (Male) |
| 0:01 | Queue | Villager (Male) |
| 0:04 | Build | House |
| 0:05 | Build | House |
| 0:18 | Queue | Villager (Male) |
| 0:18 | Queue | Villager (Male) |
| 1:34 | Queue | Villager (Male) |
| 2:09 | Queue | Villager (Male) |
| 2:10 | Queue | Villager (Male) |
| 2:44 | Queue | Villager (Male) |
| 2:45 | Queue | Villager (Male) |
| 3:40 | Queue | Villager (Male) |
| 3:41 | Queue | Villager (Male) |
| 3:57 | Build | Lumber Camp |
| 4:00 | Queue | Villager (Male) |
| 4:00 | Queue | Villager (Male) |
| 4:00 | Queue | Villager (Male) |
| 4:00 | Queue | Villager (Male) |
| 4:25 | Queue | Villager (Male) |
| 4:50 | Build | House |
| 5:53 | Queue | Villager (Male) |
| 6:35 | Queue | Villager (Male) |
| 6:56 | Build | Mill |
| 7:12 | Research | Loom |
| 7:28 | Research | Feudal Age |
| 7:51 | Build | Barracks |
| 8:28 | Build | Palisade Wall |
| 8:57 | Build | Palisade Wall |
| 8:59 | Build | Palisade Wall |
| 9:09 | Queue | Villager (Male) |
| 9:09 | Queue | Villager (Male) |
| 9:38 | Build | House |
| 9:47 | Age | Feudal Age |
| 9:49 | Build | Stable |
| 10:04 | Build | Mining Camp |
| 10:14 | Queue | Spearman |
| 10:28 | Build | Palisade Wall |
| 10:36 | Queue | Villager (Male) |
| 10:36 | Queue | Villager (Male) |
| 10:43 | Research | Double-Bit Axe |
| 10:44 | Research | Horse Collar |
| 10:47 | Queue | Scout Cavalry |
| 10:47 | Queue | Scout Cavalry |
| 10:47 | Queue | Scout Cavalry |
| 10:48 | Queue | Scout Cavalry |
| 10:54 | Build | House |
| 11:09 | Build | Farm |
| 11:27 | Build | Farm |
| 11:44 | Build | Watch Tower |
| 11:51 | Build | House |
| 11:55 | Queue | Scout Cavalry |
| 11:56 | Queue | Villager (Male) |
| 11:56 | Queue | Villager (Male) |
| 12:05 | Build | Farm |
| 12:06 | Build | Farm |
| 12:10 | Build | House |
| 12:12 | Queue | Villager (Male) |
| 12:33 | Build | Farm |
| 12:36 | Build | Farm |
| 12:38 | Queue | Villager (Male) |
| 12:38 | Queue | Villager (Male) |
| 12:53 | Queue | Villager (Male) |
| 12:53 | Queue | Villager (Male) |
| 13:09 | Build | Farm |
| 13:20 | Queue | Villager (Male) |
| 13:27 | Build | Mining Camp |
| 13:52 | Build | Farm |
| 13:53 | Build | Farm |
| 13:59 | Build | Farm |
| 14:01 | Queue | Villager (Male) |
| 14:24 | Build | House |
| 14:28 | Queue | Villager (Male) |
| 14:28 | Queue | Villager (Male) |
| 14:29 | Queue | Villager (Male) |
| 14:29 | Queue | Villager (Male) |
| 14:29 | Queue | Villager (Male) |
| 14:43 | Build | House |
| 14:56 | Build | House |
| 15:02 | Build | Palisade Wall |
| 15:13 | Queue | Villager (Male) |
| 15:24 | Build | Palisade Wall |
| 15:27 | Build | Palisade Wall |
| 15:36 | Queue | Villager (Male) |
| 16:04 | Queue | Villager (Male) |
| 16:14 | Queue | Villager (Male) |
| 16:18 | Build | Farm |
| 16:18 | Build | Farm |
| 16:20 | Build | Farm |
| 16:26 | Build | Watch Tower |
| 16:41 | Queue | Villager (Male) |
| 16:46 | Queue | Villager (Male) |
| 16:54 | Build | Watch Tower |
| 17:01 | Build | Blacksmith |
| 17:03 | Queue | Villager (Male) |
| 17:31 | Queue | Villager (Male) |
| 17:31 | Queue | Villager (Male) |
| 18:07 | Research | Fletching |
| 18:45 | Queue | Villager (Male) |
| 18:53 | Build | Palisade Gate |
| 19:17 | Build | Watch Tower |
| 19:20 | Research | Town Watch |
| 19:23 | Queue | Villager (Male) |
| 19:24 | Queue | Villager (Male) |
| 19:24 | Queue | Villager (Male) |
| 19:32 | Build | Market |
| 19:43 | Research | Wheelbarrow |
| 19:45 | Build | House |
| 19:45 | Build | House |
| 19:45 | Build | House |
| 19:46 | Build | House |
| 19:46 | Build | House |
| 20:10 | Queue | Villager (Male) |
| 20:10 | Queue | Villager (Male) |
| 20:10 | Queue | Villager (Male) |
| 20:28 | Build | Farm |
| 20:29 | Build | Farm |
| 20:31 | Build | Farm |
| 20:53 | Research | Castle Age |
| 21:16 | Build | Farm |
| 21:19 | Build | Farm |
| 21:52 | Build | Watch Tower |
| 22:00 | Build | Stable |
| 22:08 | Research | Scale Barding Armor |
| 22:40 | Build | Stable |
| 22:56 | Research | Bloodlines |
| 23:17 | Build | House |
| 23:26 | Queue | Villager (Male) |
| 23:26 | Queue | Villager (Male) |
| 23:38 | Age | Castle Age |
| 23:39 | Queue | Knight |
| 23:40 | Queue | Knight |
| 23:40 | Queue | Knight |
| 23:41 | Queue | Knight |
| 23:42 | Queue | Knight |
| 24:19 | Build | Siege Workshop |
| 24:27 | Research | Chain Barding Armor |
| 24:29 | Queue | Villager (Male) |
| 24:29 | Queue | Villager (Male) |
| 24:48 | Build | Town Center |
| 24:58 | Queue | Knight |
| 24:58 | Queue | Knight |
| 25:00 | Queue | Villager (Male) |
| 25:00 | Queue | Villager (Male) |
| 25:00 | Queue | Villager (Male) |
| 25:05 | Build | Farm |
| 25:36 | Queue | Knight |
| 25:36 | Queue | Knight |
Build order — Im_16Years_Old_IamCaPte
First 150 of 447 actions detected
| 0:02 | Queue | Villager (Male) |
| 0:02 | Queue | Villager (Male) |
| 0:02 | Queue | Villager (Male) |
| 0:03 | Build | House |
| 0:04 | Build | House |
| 0:12 | Queue | Villager (Male) |
| 0:12 | Queue | Villager (Male) |
| 1:13 | Queue | Villager (Male) |
| 1:28 | Queue | Villager (Male) |
| 1:29 | Queue | Villager (Male) |
| 1:29 | Queue | Villager (Male) |
| 2:19 | Queue | Villager (Male) |
| 2:19 | Queue | Villager (Male) |
| 3:01 | Queue | Villager (Male) |
| 3:08 | Build | Lumber Camp |
| 3:37 | Queue | Villager (Male) |
| 3:37 | Queue | Villager (Male) |
| 3:42 | Queue | Villager (Male) |
| 3:42 | Queue | Villager (Male) |
| 3:42 | Queue | Villager (Male) |
| 4:02 | Queue | Villager (Male) |
| 4:10 | Queue | Villager (Male) |
| 4:23 | Queue | Villager (Male) |
| 4:23 | Queue | Villager (Male) |
| 4:26 | Build | House |
| 4:50 | Queue | Villager (Male) |
| 4:50 | Queue | Villager (Male) |
| 4:51 | Queue | Villager (Male) |
| 5:27 | Queue | Villager (Male) |
| 5:35 | Build | Mining Camp |
| 5:48 | Queue | Villager (Male) |
| 6:18 | Research | Loom |
| 6:40 | Build | Mill |
| 6:40 | Queue | Villager (Male) |
| 8:05 | Research | Feudal Age |
| 8:05 | Research | Feudal Age |
| 8:05 | Research | Feudal Age |
| 8:13 | Build | Barracks |
| 9:14 | Build | Barracks |
| 9:44 | Build | Mining Camp |
| 9:53 | Queue | Militia |
| 9:53 | Queue | Militia |
| 10:03 | Build | House |
| 10:04 | Queue | Militia |
| 10:07 | Queue | Villager (Male) |
| 10:15 | Age | Feudal Age |
| 10:20 | Build | Watch Tower |
| 10:25 | Queue | Villager (Male) |
| 10:33 | Build | House |
| 10:56 | Queue | Villager (Male) |
| 10:57 | Queue | Villager (Male) |
| 11:01 | Queue | Spearman |
| 11:05 | Queue | Villager (Male) |
| 11:22 | Research | Man-at-Arms (upgrade) |
| 11:22 | Research | Man-at-Arms (upgrade) |
| 11:52 | Build | Farm |
| 12:09 | Queue | Villager (Male) |
| 12:10 | Queue | Villager (Male) |
| 12:10 | Queue | Villager (Male) |
| 12:35 | Build | Watch Tower |
| 12:37 | Queue | Villager (Male) |
| 12:37 | Queue | Villager (Male) |
| 12:37 | Queue | Villager (Male) |
| 12:56 | Queue | Villager (Male) |
| 12:56 | Queue | Villager (Male) |
| 12:57 | Queue | Villager (Male) |
| 12:57 | Queue | Villager (Male) |
| 12:57 | Queue | Villager (Male) |
| 13:04 | Queue | Militia |
| 13:09 | Build | Mill |
| 13:35 | Queue | Spearman |
| 13:40 | Build | House |
| 13:42 | Build | Palisade Wall |
| 13:58 | Build | Palisade Wall |
| 13:59 | Build | Palisade Wall |
| 14:03 | Build | Palisade Wall |
| 14:06 | Queue | Villager (Male) |
| 14:06 | Queue | Villager (Male) |
| 14:06 | Queue | Villager (Male) |
| 14:10 | Build | House |
| 14:18 | Build | Palisade Wall |
| 14:20 | Build | Palisade Wall |
| 14:28 | Queue | Villager (Male) |
| 14:28 | Queue | Villager (Male) |
| 14:29 | Queue | Villager (Male) |
| 14:29 | Queue | Villager (Male) |
| 14:29 | Queue | Villager (Male) |
| 15:02 | Queue | Villager (Male) |
| 15:02 | Queue | Villager (Male) |
| 15:38 | Build | Watch Tower |
| 15:39 | Queue | Villager (Male) |
| 15:39 | Queue | Villager (Male) |
| 16:04 | Queue | Spearman |
| 16:07 | Build | Palisade Wall |
| 16:11 | Build | Palisade Wall |
| 16:18 | Queue | Militia |
| 16:23 | Queue | Villager (Male) |
| 16:23 | Queue | Villager (Male) |
| 16:24 | Queue | Villager (Male) |
| 16:24 | Queue | Villager (Male) |
| 16:27 | Build | Farm |
| 16:28 | Build | Farm |
| 17:12 | Queue | Villager (Male) |
| 17:13 | Queue | Villager (Male) |
| 17:47 | Build | Farm |
| 17:48 | Build | Farm |
| 17:48 | Build | Farm |
| 17:49 | Build | Farm |
| 17:49 | Build | Farm |
| 17:57 | Build | Market |
| 17:58 | Queue | Villager (Male) |
| 17:58 | Queue | Villager (Male) |
| 18:13 | Build | Farm |
| 18:14 | Build | Farm |
| 18:48 | Queue | Villager (Male) |
| 18:49 | Queue | Villager (Male) |
| 18:49 | Queue | Villager (Male) |
| 19:12 | Queue | Militia |
| 19:12 | Queue | Militia |
| 19:18 | Build | Farm |
| 19:32 | Queue | Militia |
| 19:32 | Queue | Militia |
| 19:39 | Build | Palisade Wall |
| 19:42 | Build | Palisade Wall |
| 19:47 | Queue | Villager (Male) |
| 19:49 | Build | Blacksmith |
| 20:03 | Queue | Militia |
| 20:13 | Build | Farm |
| 20:14 | Build | Farm |
| 20:29 | Build | Mining Camp |
| 20:33 | Research | Fletching |
| 20:34 | Queue | Villager (Male) |
| 20:39 | Queue | Villager (Male) |
| 21:04 | Queue | Villager (Male) |
| 21:04 | Queue | Villager (Male) |
| 21:04 | Queue | Villager (Male) |
| 21:05 | Build | Farm |
| 21:11 | Build | House |
| 22:00 | Build | Market |
| 22:33 | Research | Castle Age |
| 22:33 | Research | Castle Age |
| 22:33 | Research | Castle Age |
| 22:33 | Research | Castle Age |
| 22:39 | Build | Farm |
| 22:50 | Build | Stable |
| 22:57 | Build | Stable |
| 23:03 | Build | Stable |
| 23:30 | Research | Double-Bit Axe |
| 23:30 | Research | Double-Bit Axe |
| 23:34 | Queue | Scout Cavalry |
Match timeline
| 7:51 | Bart · first_building Barracks |
| 8:13 | Im_16Years_Old_IamCaPte · first_building Barracks |
| 8:28 | Bart · wall_segment Palisade Wall x3 |
| 8:57 | Bart · wall_segment Palisade Wall x1 |
| 8:59 | Bart · wall_segment Palisade Wall x2 |
| 9:47 | Bart · age_up feudal |
| 9:49 | Bart · first_building Stable |
| 10:15 | Im_16Years_Old_IamCaPte · age_up feudal |
| 10:28 | Bart · wall_segment Palisade Wall x11 |
| 13:42 | Im_16Years_Old_IamCaPte · wall_segment Palisade Wall x1 |
| 13:58 | Im_16Years_Old_IamCaPte · wall_segment Palisade Wall x1 |
| 13:59 | Im_16Years_Old_IamCaPte · wall_segment Palisade Wall x1 |
| 14:03 | Im_16Years_Old_IamCaPte · wall_segment Palisade Wall x1 |
| 14:18 | Im_16Years_Old_IamCaPte · wall_segment Palisade Wall x1 |
| 14:20 | Im_16Years_Old_IamCaPte · wall_segment Palisade Wall x1 |
| 15:02 | Bart · wall_segment Palisade Wall x1 |
| 15:24 | Bart · wall_segment Palisade Wall x3 |
| 15:27 | Bart · wall_segment Palisade Wall x4 |
| 16:07 | Im_16Years_Old_IamCaPte · wall_segment Palisade Wall x1 |
| 16:11 | Im_16Years_Old_IamCaPte · wall_segment Palisade Wall x1 |
| 19:39 | Im_16Years_Old_IamCaPte · wall_segment Palisade Wall x1 |
| 19:42 | Im_16Years_Old_IamCaPte · wall_segment Palisade Wall x1 |
| 20:37 | Bart · first_market_sell 100 wood |
| 20:40 | Bart · first_market_buy 100 food |
| 22:29 | Im_16Years_Old_IamCaPte · first_market_buy 100 food |
| 22:50 | Im_16Years_Old_IamCaPte · first_building Stable |
| 23:38 | Bart · age_up castle |
| 24:02 | Im_16Years_Old_IamCaPte · wall_segment Palisade Wall x1 |
| 24:19 | Bart · first_building Siege Workshop |
| 25:01 | Im_16Years_Old_IamCaPte · wall_segment Palisade Wall x1 |
| 25:01 | Im_16Years_Old_IamCaPte · wall_segment Palisade Wall x1 |
| 25:02 | Im_16Years_Old_IamCaPte · wall_segment Palisade Wall x1 |
| 25:06 | Im_16Years_Old_IamCaPte · wall_segment Palisade Wall x1 |
| 25:10 | Im_16Years_Old_IamCaPte · wall_segment Palisade Wall x3 |
| 25:13 | Im_16Years_Old_IamCaPte · age_up castle |
| 26:16 | Im_16Years_Old_IamCaPte · wall_segment Palisade Wall x1 |
| 26:17 | Im_16Years_Old_IamCaPte · wall_segment Palisade Wall x1 |
| 28:05 | Im_16Years_Old_IamCaPte · first_building Monastery |
| 28:15 | Im_16Years_Old_IamCaPte · wall_segment Palisade Wall x1 |
| 29:05 | Im_16Years_Old_IamCaPte · first_building Castle |
| 32:51 | Im_16Years_Old_IamCaPte · first_building Siege Workshop |
| 33:18 | Im_16Years_Old_IamCaPte · first_market_sell 100 stone |
| 34:36 | Bart · first_building Castle |
| 35:16 | Im_16Years_Old_IamCaPte · wall_segment Palisade Wall x1 |
| 36:37 | Im_16Years_Old_IamCaPte · wall_segment Palisade Wall x1 |
| 39:59 | Bart · first_building Monastery |
| 40:18 | Im_16Years_Old_IamCaPte · wall_segment Palisade Wall x1 |
| 42:51 | Bart · age_up imperial |
| 42:58 | Im_16Years_Old_IamCaPte · resign |
[ AI ANALYSIS · 1 CREDIT ]
What really happened in this match?
Wolo.gg analyzes every decision: build order, eco, micro, common mistakes by bracket. Personalized analysis on WhatsApp or Discord in 30 seconds.
Civ guide
Lithuanians
Perfil
Jugador #616367